[Event "*** Titled Tuesday Blitz"]
[Site "Chess.com"]
[Date "2020.11.24"]
[Round "2"]
[White "KetiTsatsalashvili"]
[Black "Roman_Ovetchkin"]
[Result "0-1"]
[WhiteElo "2298"]
[BlackElo "2620"]
[TimeControl "180+1"]
[EndTime "10:30:58 PST"]
[Termination "Roman_Ovetchkin won by checkmate"]

1. Nf3 Nf6 2. d4 g6 3. c4 Bg7 4. Nc3 O-O 5. e4 d6 6. Be2 e5 7. O-O Nc6 8. d5 Ne7 9. Nd2 Ne8 10. b4 f5 11. c5 Rf7 12. Nc4 Nf6 13. f3 f4 14. a4 g5 15. Ba3 Ng6 16. b5 Bf8 17. cxd6 cxd6 18. b6 a6 19. Rc1 h5 20. a5 g4 21. Nd2 g3 22. h3 Bxh3 23. gxh3 Qd7 24. Bd3 Qxh3 25. Qe2 Nh4 26. Rfd1 Ng4 27. fxg4 f3 28. Nxf3 Nxf3+ 29. Qxf3 Qh2+ 30. Kf1 Rxf3+ 31. Ke1 Qf2# 0-1

[Event "*** Titled Tuesday Blitz"]
[Site "Chess.com"]
[Date "2020.11.24"]
[Round "2"]
[White "RaneshRatnesan"]
[Black "Astaneh"]
[Result "0-1"]
[WhiteElo "2135"]
[BlackElo "2596"]
[TimeControl "180+1"]
[EndTime "10:31:01 PST"]
[Termination "Astaneh won by resignation"]

1. Nf3 Nf6 2. c4 g6 3. b4 Bg7 4.
Bb2 O-O 5. g3 d6 6. Bg2 e5 7. d3 Nc6 8. Qb3 e4 9. dxe4 Nxe4 10. O-O Re8 11. e3 Be6 12. Bxg7 Kxg7 13. Nd4 Nxd4 14. exd4 d5 15. c5 Qf6 16. Qb2 h5 17.
Nd2 Bf5 18. h4 Re7 19. Nf3 Rae8 20. Rae1 b6 21. cxb6 axb6 22. b5 Nc5 23. Rxe7 Rxe7 24. Ne5 Nd3 25. Nxd3 Bxd3 26. Rd1 Re2 0-1

[Event "*** Titled Tuesday Blitz"]
[Site "Chess.com"]
[Date "2020.11.24"]
[Round "2"]
[White "igorknyazev"]
[Black "kleopl"]
[Result "0-1"]
[WhiteElo "2048"]
[BlackElo "2518"]
[TimeControl "180+1"]
[EndTime "10:31:09 PST"]
[Termination "kleopl won on time"]

1. e4 c6 2. Nc3 d5 3. d4 a6 4. Nf3 Bg4 5. h3 Bh5 6. g4 Bg6 7. exd5 cxd5 8. Bg2 Nc6 9. Ne5 e6 10. Nxg6 hxg6 11. Bf4 Qb6 12. Na4 Qxd4 13. Qxd4 Nxd4 14. Nb6 Rd8 15. Kd2 Bd6 16. Be3 Nc6 17. Rhe1 Nf6 18.
c3 O-O 19. Rad1 Bc7 20. Na4 Na5 21. Kc2 Nc4 22. Bg5 Bd6 0-1

[Event "*** Titled Tuesday Blitz"]
[Site "Chess.com"]
[Date "2020.11.24"]
[Round "2"]
[White "northridgehawk"]
[Black "googlegoom"]
[Result "1-0"]
[WhiteElo "2301"]
[BlackElo "2467"]
[TimeControl "180+1"]
[EndTime "10:31:09 PST"]
[Termination "northridgehawk won by resignation"]

1. e4 c5 2. Nf3 Nc6 3. d4 cxd4 4. Nxd4 Qb6 5. Nb3 Nf6 6. Nc3 e6 7. Be3 Qc7 8. Be2 Bb4 9. Qd3 d5 10. exd5 Nxd5 11. Bd2 Ne5 12. Qg3 Nxc3 13. bxc3 Bd6 14. O-O O-O 15. Nd4 a6 16. h4 Nc4 17. Qd3 Nxd2 18.
Qxd2 Rd8 19. Qe3 b6 20. Bf3 Bb7 21. Rad1 Rac8 22. Rd3 Bh2+ 23. Kh1 Bf4 24. Qe2 Bd5 25.
Bxd5 Rxd5 26. Rfd1 Rcd8 27. Qe4 h5 28. g3 Bh6 29. Nxe6 fxe6 30. Qxe6+ Qf7 31. Qxf7+ 1-0

[Event "*** Titled Tuesday Blitz"]
[Site "Chess.com"]
[Date "2020.11.24"]
[Round "2"]
[White "Savva09022009"]
[Black "vladislavkovalev"]
[Result "1-0"]
[WhiteElo "2535"]
[BlackElo "2818"]
[TimeControl "180+1"]
[EndTime "10:31:15 PST"]
[Termination "Savva09022009 won by resignation"]

1. d4 Nf6 2. Nc3 g6 3. Bf4 d5 4. Qd2 c6 5. O-O-O b5 6. Kb1 Qa5 7. Nxd5 Qxd2 8. Nxf6+ exf6 9. Rxd2 Be6 10. e4 g5 11. Bg3 f5 12. d5 f4 13. dxe6 fxe6 14. Nf3 Be7 15. Be2 O-O 16. Nd4 fxg3 17. fxg3 Rf2 18.
Nxe6 Rxg2 19. Nc7 g4 20. Nxa8 Bg5 21. Bc4+ bxc4 1-0

[Event "*** Titled Tuesday Blitz"]
[Site "Chess.com"]
[Date "2020.11.24"]
[Round "2"]
[White "ViktoriyaTarasova"]
[Black "Algeriano22"]
[Result "0-1"]
[WhiteElo "2274"]
[BlackElo "2617"]
[TimeControl "180+1"]
[EndTime "10:31:15 PST"]
[Termination "Algeriano22 won by resignation"]

1. d4 Nf6 2. c4 d6 3. Nc3 g6 4. e4 Bg7 5. h3 O-O 6. Be3 c6 7. Qc2 e5 8. d5 Na6 9. g4 cxd5 10. cxd5 Bd7 11. Be2 Rc8 12. Qd2 Nc5 13. f3 a5 14.
h4 h5 15. g5 Nh7 16. Nh3 a4 17. Rb1 Qa5 18. Nf2 b5 19. Bxc5 Rxc5 20. Nd3 Rcc8 21. a3 Qd8 22. Nb4 f6 23. Rg1 fxg5 24. hxg5 Rf4 25.
Kf2 Nxg5 26. Rg2 Rxc3 0-1

[Event "*** Titled Tuesday Blitz"]
[Site "Chess.com"]
[Date "2020.11.24"]
[Round "2"]
[White "HanSchut"]
[Black "redbaron8888"]
[Result "0-1"]
[WhiteElo "2209"]
[BlackElo "2523"]
[TimeControl "180+1"]
[EndTime "10:31:15 PST"]
[Termination "redbaron8888 won by resignation"]

1. e4 e6 2. d4 d5 3. Nd2 Be7 4. Bd3 c5 5. dxc5 Nf6 6. Qe2 O-O 7. c3 Nc6 8. b4 a5 9. a3 axb4 10. cxb4 Nxb4 11. axb4 Rxa1 12. Nb3 Ra4 13. e5 Nd7 14. Bd2 Qc7 15. Nf3 b6 16. Bb5 Ra3 17. Nfd4 bxc5 18.
bxc5 Qxe5 19. c6 Qxe2+ 20. Kxe2 Nb6 21. Bc1 Ra2+ 22. Kd3 e5 23. Nc2 Bf5+ 0-1

[Event "*** Titled Tuesday Blitz"]
[Site "Chess.com"]
[Date "2020.11.24"]
[Round "2"]
[White "LiamVrolijk"]
[Black "Artyom_ChessMate"]
[Result "1-0"]
[WhiteElo "2808"]
[BlackElo "2513"]
[TimeControl "180+1"]
[EndTime "10:31:27 PST"]
[Termination "LiamVrolijk won by resignation"]

1. Nf3 d5 2. b3 Nf6 3. Bb2 e6 4. e3 Be7 5. c4 O-O 6. Nc3 b6 7. cxd5 Nxd5 8. Qc2 Bf6 9. Rc1 c5 10. Nxd5 exd5 11. Bxf6 Qxf6 12. d4 Be6 13. Bd3 g6 14.
dxc5 bxc5 15. Qxc5 Rc8 16. Qa3 Nd7 17. O-O Bg4 18.
Nd4 Ne5 19. Qa6 Qh4 20. Bb5 Rf8 21. Qd6 Qh5 22. f4 Be2 1-0

[Event "*** Titled Tuesday Blitz"]
[Site "Chess.com"]
[Date "2020.11.24"]
[Round "2"]
[White "Nils_03"]
[Black "vinniethepooh"]
[Result "0-1"]
[WhiteElo "2247"]
[BlackElo "2611"]
[TimeControl "180+1"]
[EndTime "10:31:29 PST"]
[Termination "vinniethepooh won by resignation"]

1. d4 Nf6 2. c4 e6 3. g3 d5 4. Nf3 dxc4 5. Bg2 a6 6. Ne5 Bb4+ 7. Nc3 Nd5 8. Bd2 Bxc3 9. bxc3 b5 10. O-O O-O 11. a4 Bb7 12. e4 Nb6 13. a5 N6d7 14. f4 f5 15. Nxd7 Nxd7 16. d5 exd5 17. exd5 Nf6 18. Be3 Bxd5 19. Bd4 Bxg2 20. Kxg2 Qd5+ 21. Qf3 Qxf3+ 22. Kxf3 Ne4 23. Rad1 Rad8 24. g4 c5 25. Be3 Nxc3 26. Rxd8 Rxd8 27. gxf5 Rd3 28. Kf2 Nd1+ 0-1

[Event "*** Titled Tuesday Blitz"]
[Site "Chess.com"]
[Date "2020.11.24"]
[Round "2"]
[White "pheonixking2000"]
[Black "ShahMatKanal"]
[Result "1-0"]
[WhiteElo "2793"]
[BlackElo "2506"]
[TimeControl "180+1"]
[EndTime "10:31:30 PST"]
[Termination "pheonixking2000 won by resignation"]

1. c4 e6 2. Nc3 d5 3. d4 Nf6 4.
Bg5 Nbd7 5. cxd5 exd5 6. Qc2 c6 7. e3 Be7 8. Bd3 O-O 9. Nge2 Re8 10. O-O h6 11.
Bh4 Ne4 12. Bxe7 Qxe7 13. Rae1 Ndf6 14. f3 Nxc3 15. Nxc3 c5 16. dxc5 Qxc5 17. Nb5 Qxc2 18. Bxc2 Rd8 19. Bb3 Be6 20. Rc1 a6 21. Nd4 Rac8 22.
Kf2 Kf8 23. Ke2 Ke7 24. Kd2 g6 25. h4 g5 26. g4 Rxc1 27. Rxc1 Rc8 28. Rh1 Rg8 29.
h5 Rc8 30. Bc2 b5 31. Bf5 Rc4 32. b3 Rc5 33. Rd1 a5 34. a3 b4 35. axb4 axb4 36. Ra1 Rc7 37. Ra6 Bc8 38. Bxc8 Rxc8 39. Nf5+ Kf8 40.
Rxf6 1-0

[Event "*** Titled Tuesday Blitz"]
[Site "Chess.com"]
[Date "2020.11.24"]
[Round "2"]
[White "arjwezhrtdrz"]
[Black "aleksandrovaleksei"]
[Result "0-1"]
[WhiteElo "2318"]
[BlackElo "2600"]
[TimeControl "180+1"]
[EndTime "10:31:31 PST"]
[Termination "aleksandrovaleksei won by resignation"]

1. e4 e5 2. Nf3 Nc6 3. Nc3 Nf6 4.
Bb5 Bd6 5. O-O O-O 6. d3 h6 7. Bc4 Na5 8. Bb3 Re8 9. h3 Nxb3 10. axb3 Bf8 11. Be3 d6 12. Nh2 d5 13. Nxd5 Nxd5 14.
exd5 Qxd5 15. Qf3 Be6 16. Qxd5 Bxd5 17. Rfe1 a5 18. Bd2 b6 19. Nf1 h5 20. Ne3 Be6 21. Nc4 f6 22. f4 Bc5+ 23. Kf1 Bd5 24. fxe5 fxe5 25. Be3 Bb4 26. c3 Bf8 27. Bf2 e4 28. dxe4 Bxe4 29. Kg1 Bc2 30. Rxe8 Rxe8 31. Nd2 Re2 32.
Nf3 Bxb3 33. Bg3 Bc5+ 34. Nd4 Bd5 35. Bf2 Rxb2 36. Be3 Rxg2+ 0-1

[Event "*** Titled Tuesday Blitz"]
[Site "Chess.com"]
[Date "2020.11.24"]
[Round "2"]
[White "Eliwood44"]
[Black "GoltsevDmitry2000"]
[Result "1-0"]
[WhiteElo "2462"]
[BlackElo "2672"]
[TimeControl "180+1"]
[EndTime "10:31:32 PST"]
[Termination "Eliwood44 won by resignation"]

1. d4 Nf6 2. Nf3 e6 3. e3 b6 4.
Bd3 Bb7 5. O-O d6 6. c4 Nbd7 7. Nc3 Be7 8. e4 e5 9. d5 a5 10. Nh4 g6 11. f4 Nxd5 12. exd5 Bxh4 13. f5 Nc5 14. Ne4 Nxe4 15. Bxe4 Bg5 16. Qa4+ Kf8 17.
fxg6 hxg6 18. Bxg6 Kg7 19. Bxf7 Bxc1 20. Raxc1 Qh4 21.
h3 Bc8 22. Be6 Qg5 23. Bxc8 Raxc8 24. Qd7+ Kh6 25. Qe6+ Kh5 26. Rf5 Rcg8 27. Rcf1 Rh6 28. Qxg8 1-0

[Event "*** Titled Tuesday Blitz"]
[Site "Chess.com"]
[Date "2020.11.24"]
[Round "2"]
[White "PawnEatingZombie"]
[Black "Sergey85Rodchenkov"]
[Result "1-0"]
[WhiteElo "2268"]
[BlackElo "2443"]
[TimeControl "180+1"]
[EndTime "10:31:36 PST"]
[Termination "PawnEatingZombie won by resignation"]

1. d4 Nf6 2. c4 e6 3. Nc3 Bb4 4. Qc2 O-O 5. e4 d5 6. e5 Ne4 7. Bd3 c5 8. Nf3 Nc6 9. O-O cxd4 10. Nxe4 dxe4 11. Bxe4 h6 12. Bf4 Bc5 13. Rad1 Qe7 14. a3 a5 15. Qc1 Rd8 16. Rd3 f5 17. exf6 Qxf6 18. Re1 Rf8 19. Bg3 e5 20. Bd5+ Kh8 21. Nd2 Bf5 22. Rf3 Qg6 23. Ne4 Bb6 24. Bxc6 bxc6 25. Bxe5 Bxe4 26. Rg3 Qf5 27. Qxh6+ Qh7 28. Bxg7+ Kg8 29. Bxf8+ Kf7 30. Rg7+ 1-0

[Event "*** Titled Tuesday Blitz"]
[Site "Chess.com"]
[Date "2020.11.24"]
[Round "2"]
[White "Tayson_7"]
[Black "mr_gustavo"]
[Result "1-0"]
[WhiteElo "2684"]
[BlackElo "2410"]
[TimeControl "180+1"]
[EndTime "10:31:37 PST"]
[Termination "Tayson_7 won on time"]

1. e4 c5 2. Nf3 d6 3. Nc3 Nf6 4. e5 dxe5 5. Nxe5 Qc7 6. d4 e6 7. Bf4 cxd4 8. Qxd4 Bc5 9. Bb5+ Nbd7 10. Nxd7 Bxd7 11.
Qxf6 Bxf2+ 12. Kxf2 Qb6+ 13. Be3 gxf6 14. Bxd7+ Kxd7 15. Bxb6 axb6 16. Rad1+ Kc6 17. Rd3 b5 18. a3 Rhd8 19. Rhd1 Rxd3 20. Rxd3 f5 21. Rh3 Kc5 22. Rxh7 b4 23. axb4+ Kxb4 24. Rxf7 Ra1 25. Rxb7+ Kc5 26.
h4 Rc1 27. b4+ Kd6 28. Rb6+ 1-0

[Event "*** Titled Tuesday Blitz"]
[Site "Chess.com"]
[Date "2020.11.24"]
[Round "2"]
[White "Bastiandash"]
[Black "ondoko"]
[Result "1-0"]
[WhiteElo "2406"]
[BlackElo "2109"]
[TimeControl "180+1"]
[EndTime "10:31:40 PST"]
[Termination "Bastiandash won by resignation"]

1. d4 d5 2. Nf3 c5 3. e3 Nf6 4.
b3 cxd4 5. exd4 Nc6 6. Bd3 Bg4 7. O-O e6 8. a3 Nxd4 9. Nbd2 Be7 10. h3 Bh5 11. Bb2 Nxf3+ 12. Nxf3 O-O 13. Be2 Rc8 14.
Ne5 Bxe2 15. Qxe2 Ne4 16. c4 Bf6 17. Rad1 Re8 18. Ng4 Bxb2 19. Qxb2 Qg5 20. cxd5 exd5 21. Ne3 Rcd8 22. Rd4 Nxf2 23. Rg4 Qh6 24. Nf5 1-0

[Event "*** Titled Tuesday Blitz"]
[Site "Chess.com"]
[Date "2020.11.24"]
[Round "2"]
[White "SergeyShtyka"]
[Black "JRenatoMaranhao"]
[Result "1-0"]
[WhiteElo "2364"]
[BlackElo "1887"]
[TimeControl "180+1"]
[EndTime "10:31:41 PST"]
[Termination "SergeyShtyka won by resignation"]

1. e4 c6 2. Nf3 d5 3. Nc3 dxe4 4. Nxe4 Bf5 5. Ng3 Bg4 6. Bc4 Nf6 7. Bxf7+ Kxf7 8. Ne5+ Ke8 9. Nxg4 Nbd7 10. O-O g6 11. d4 Bg7 12. Bh6 Kf7 13. Bxg7 Kxg7 14. Nxf6 exf6 15. Re1 Re8 16. Qg4 Nb6 17. h4 Qd5 18. b3 Rad8 19. Rxe8 Rxe8 20. h5 Re7 21. c4 Qg5 22.
Qxg5 fxg5 23. hxg6 Kxg6 24. Kf1 Rd7 25. Rd1 h5 26.
Ne4 h4 27. Nc5 Rh7 28. f3 h3 29. gxh3 Rxh3 30. Kg2 Rh7 31. Re1 Kf5 32. Re5+ Kf6 33.
Ne4+ 1-0

[Event "*** Titled Tuesday Blitz"]
[Site "Chess.com"]
[Date "2020.11.24"]
[Round "2"]
[White "MrChampion_Coach"]
[Black "orestn"]
[Result "1-0"]
[WhiteElo "2513"]
[BlackElo "2291"]
[TimeControl "180+1"]
[EndTime "10:31:42 PST"]
[Termination "MrChampion_Coach won by resignation"]

1. d4 d5 2. c4 e6 3. Nf3 Nf6 4. Nc3 Nbd7 5. Bg5 h6 6. Bh4 Be7 7. e3 O-O 8. Bd3 c5 9. cxd5 Nxd5 10. Bxe7 Nxe7 11. O-O cxd4 12. exd4 Nf6 13. Ne5 Bd7 14. Re1 Qb6 15. Re3 Rfd8 16. Ng4 Ned5 17. Rg3 Kf8 18. Qd2 Nxg4 19. Rxg4 Nf6 20. Rh4 Bc6 21. Ne2 Bb5 22. Qb4+ 1-0

[Event "*** Titled Tuesday Blitz"]
[Site "Chess.com"]
[Date "2020.11.24"]
[Round "2"]
[White "1977Ivan"]
[Black "lucachess49"]
[Result "1-0"]
[WhiteElo "2667"]
[BlackElo "2354"]
[TimeControl "180+1"]
[EndTime "10:31:43 PST"]
[Termination "1977Ivan won by resignation"]

1. d4 Nf6 2. Nf3 e6 3. c4 a6 4.
e3 d5 5. Nc3 c5 6. cxd5 Nxd5 7.
Bd3 Nc6 8. O-O cxd4 9. exd4 Be7 10. Re1 O-O 11. a3 Bf6 12. Bc2 g6 13. Bh6 Re8 14. Qd2 b5 15. Rad1 Bb7 16. Ne4 Bh8 17. h4 Ra7 18. h5 Nf6 19. Bg5 Nxe4 20. Bxe4 Qd7 21. d5 exd5 22. Bxd5 Ne5 23. Nxe5 Bxe5 24. Bxb7 Qxd2 25.
Rxd2 Rxb7 26. Rde2 1-0

[Event "*** Titled Tuesday Blitz"]
[Site "Chess.com"]
[Date "2020.11.24"]
[Round "2"]
[White "Loy_Konstantin"]
[Black "DarZay"]
[Result "1-0"]
[WhiteElo "2397"]
[BlackElo "2083"]
[TimeControl "180+1"]
[EndTime "10:31:45 PST"]
[Termination "Loy_Konstantin won by checkmate"]

1. e4 c5 2. Nf3 d6 3. d4 cxd4 4. Qxd4 Nc6 5. Bb5 Bd7 6. Bxc6 bxc6 7. c4 Nf6 8. Nc3 e5 9. Qd3 Be7 10. O-O O-O 11. b3 Qc7 12. Ba3 Rfd8 13. Nxe5 Be6 14.
Nf3 Rd7 15. Rac1 d5 16. Bxe7 dxe4 17. Qe3 exf3 18. Bxf6 fxg2 19. Qg5 gxf1=Q+ 20. Rxf1 Kf8 21. Qxg7+ Ke8 22. Qg8# 1-0

[Event "*** Titled Tuesday Blitz"]
[Site "Chess.com"]
[Date "2020.11.24"]
[Round "2"]
[White "03revilo"]
[Black "Road2GM3000"]
[Result "1-0"]
[WhiteElo "2375"]
[BlackElo "2002"]
[TimeControl "180+1"]
[EndTime "10:31:46 PST"]
[Termination "03revilo won by resignation"]

1. e4 c5 2. Nf3 d6 3. d4 cxd4 4.
Nxd4 Nf6 5. Nc3 a6 6. Be3 e5 7. Nf3 Be6 8. Ng5 Nbd7 9. Nxe6 fxe6 10. g3 Nc5 11. Bxc5 dxc5 12. Bh3 Qxd1+ 13. Rxd1 Ke7 14.
f4 exf4 15. gxf4 g6 16. Na4 Bh6 17. Nxc5 Rac8 18. Nxe6 Rxc2 19. e5 Ne4 20. O-O Rxb2 21. Rd4 Nc3 22. Rc4 Rc2 23. Rc7+ Ke8 24. Rc8+ Ke7 25. Rxh8 Ne2+ 26. Kh1 Rc3 27. Rxh7+ Ke8 28. Rxh6 1-0

[Event "*** Titled Tuesday Blitz"]
[Site "Chess.com"]
[Date "2020.11.24"]
[Round "2"]
[White "aa175"]
[Black "albi1999"]
[Result "0-1"]
[WhiteElo "2260"]
[BlackElo "2611"]
[TimeControl "180+1"]
[EndTime "10:31:47 PST"]
[Termination "albi1999 won on time"]

1. d4 Nf6 2. Bf4 d5 3. e3 c5 4. Nf3 Nc6 5. Nbd2 e6 6. c3 cxd4 7. exd4 Nh5 8. Be5 f6 9. c4 fxe5 10. Nxe5 Nf6 11. cxd5 Nxe5 12. Bb5+ Bd7 13. dxe5 Nxd5 14.
Bd3 Be7 15. Qh5+ Kf8 16. Bxh7 Bb5 17. Qf3+ Ke8 18. Bg6+ Kd7 19. Rd1 Qa5 20. Bf5 Ba6 21.
Qe4 exf5 22. Qxf5+ Kc7 23. Qe6 Rad8 24. Rc1+ Kb8 25.
b4 Bxb4 26. Rd1 Rhe8 27. Qg6 Rxe5+ 0-1

[Event "*** Titled Tuesday Blitz"]
[Site "Chess.com"]
[Date "2020.11.24"]
[Round "2"]
[White "Son_of_Sultan"]
[Black "Mr_Heisenberg13"]
[Result "1/2-1/2"]
[WhiteElo "2706"]
[BlackElo "2494"]
[TimeControl "180+1"]
[EndTime "10:31:48 PST"]
[Termination "Game drawn by repetition"]

1. d4 Nf6 2. Nf3 d5 3. e3 c5 4. Bd3 Nc6 5. O-O cxd4 6. exd4 g6 7. c3 Bg7 8. Bf4 O-O 9. Nbd2 Nh5 10. Be3 Qc7 11. Re1 Nf4 12. Bf1 Bf5 13. Ne5 Bxe5 14. dxe5 Nd3 15. Bxd3 Bxd3 16. Nb3 Bc4 17. Bh6 Rfd8 18.
e6 f6 19. Nd4 Nxd4 20. Qxd4 Qb6 21. Qxb6 axb6 22. a3 Bb3 23. Be3 Rd6 24. Bd4 Rc8 25.
Re3 Rcc6 26. Rae1 Bc2 27. g4 Kf8 28. f3 Bb3 29. Kf2 b5 30. Kg3 Bc2 31. h4 h6 32.
Kf4 g5+ 33. Kg3 Bh7 34. hxg5 hxg5 35. f4 gxf4+ 36. Kxf4 Bg8 37. Kf5 Bh7+ 38. Kf4 Bg8 39. Kf5 Bh7+ 40. Kf4 1/2-1/2

[Event "*** Titled Tuesday Blitz"]
[Site "Chess.com"]
[Date "2020.11.24"]
[Round "2"]
[White "sopo-tereladze"]
[Black "Isajevsky_Anton"]
[Result "0-1"]
[WhiteElo "2322"]
[BlackElo "2593"]
[TimeControl "180+1"]
[EndTime "10:31:48 PST"]
[Termination "Isajevsky_Anton won by resignation"]

1. d4 d5 2. Nf3 Nf6 3. Bf4 c5 4.
e3 Nc6 5. c3 cxd4 6. exd4 Bf5 7.
Bd3 Bxd3 8. Qxd3 e6 9. Nbd2 Bd6 10. Bg5 O-O 11. O-O Rb8 12. Rae1 h6 13. Bh4 Be7 14. Ne5 Nxe5 15. dxe5 Nd7 16. Bxe7 Qxe7 17. f4 Nc5 18. Qg3 b5 19. f5 exf5 20. Rxf5 b4 21. Rf6 bxc3 22.
bxc3 Rb2 23. Nf3 Ne4 24. Rxe4 dxe4 25. Nd4 Rb1+ 26. Kf2 e3+ 27. Kxe3 Re8 28. Ke4 Qxf6 0-1

[Event "*** Titled Tuesday Blitz"]
[Site "Chess.com"]
[Date "2020.11.24"]
[Round "2"]
[White "dretch"]
[Black "Bacyanide"]
[Result "1-0"]
[WhiteElo "2802"]
[BlackElo "2416"]
[TimeControl "180+1"]
[EndTime "10:31:51 PST"]
[Termination "dretch won by checkmate"]

1. d4 Nf6 2. c4 g6 3. Nc3 Bg7 4. e4 d6 5. Nf3 O-O 6. h3 e5 7.
dxe5 dxe5 8. Qxd8 Rxd8 9. Bg5 Re8 10. Nd5 Nxd5 11. cxd5 c6 12. Bc4 b5 13. Bb3 c5 14.
a4 c4 15. Bd1 b4 16. Rc1 Ba6 17. Be2 Rc8 18. Nd2 c3 19. bxc3 bxc3 20. Nb1 c2 21. Na3 Bf8 22. Nxc2 Bxe2 23. Kxe2 Rc4 24. Ne3 Rxc1 25. Rxc1 Nd7 26. Ng4 Bg7 27. Rc7 Nb6 28. a5 Na4 29. d6 f5 30. Nh6+ Bxh6 31.
Bxh6 Rd8 32. Rc4 Nb2 33. Rb4 Rxd6 34. Rxb2 f4 35. Rb7 Ra6 36. Rg7+ Kh8 37. Rf7 Kg8 38. Rf8# 1-0

[Event "*** Titled Tuesday Blitz"]
[Site "Chess.com"]
[Date "2020.11.24"]
[Round "2"]
[White "Chessdude1987"]
[Black "chito89"]
[Result "1-0"]
[WhiteElo "2361"]
[BlackElo "2728"]
[TimeControl "180+1"]
[EndTime "10:31:52 PST"]
[Termination "Chessdude1987 won by resignation"]

1. e4 c6 2. d4 d5 3. exd5 cxd5 4. c4 Nf6 5. Nc3 Nc6 6. Bg5 e6 7. Nf3 Be7 8. c5 O-O 9. Bb5 Bd7 10. Bxc6 Bxc6 11.
O-O b6 12. b4 bxc5 13. bxc5 Nd7 14. Bf4 Bf6 15. Re1 Nxc5 16. Ne5 Bxe5 17. Bxe5 Ne4 18. Nxe4 dxe4 19. Qg4 g6 20. Rac1 Bd5 21. h4 h5 22. Qf4 f6 23. Qh6 Qe8 24. Rc7 Rf7 1-0

[Event "*** Titled Tuesday Blitz"]
[Site "Chess.com"]
[Date "2020.11.24"]
[Round "2"]
[White "WPWPWP-2015"]
[Black "Infernal_XaM"]
[Result "0-1"]
[WhiteElo "2519"]
[BlackElo "2830"]
[TimeControl "180+1"]
[EndTime "10:31:54 PST"]
[Termination "Infernal_XaM won by checkmate"]

1. e4 e5 2. Nf3 d6 3. Bc4 c6 4.
d4 Nd7 5. Be3 Be7 6. dxe5 dxe5 7. O-O h6 8. h3 Ngf6 9. Nbd2 Qc7 10. c3 a5 11. a4 g5 12. Nh2 Nf8 13. Qb3 Rh7 14.
Bb6 Qb8 15. Rad1 N6d7 16. Be3 Ng6 17. Rfe1 Qc7 18. Bf1 Nc5 19. Qc2 Nf4 20. Nc4 h5 21. Nf3 f6 22. b4 axb4 23. cxb4 Nxa4 24. Ra1 b5 25. Nb2 Bxb4 26. Bxb5 cxb5 27. Qb3 Bf8 28. Rec1 Qd7 29. Rd1 Nxb2 30. Rxd7 Rxa1+ 31. Kh2 Rxd7 32. Qxb2 Rdd1 33. Qxb5+ Bd7 34. Qb8+ Kf7 35. Qb3+ Kg7 36. h4 Rh1+ 37. Kg3 Ne2# 0-1

[Event "*** Titled Tuesday Blitz"]
[Site "Chess.com"]
[Date "2020.11.24"]
[Round "2"]
[White "azikom"]
[Black "jefferyx"]
[Result "1/2-1/2"]
[WhiteElo "2572"]
[BlackElo "2937"]
[TimeControl "180+1"]
[EndTime "10:31:57 PST"]
[Termination "Game drawn by repetition"]

1. d4 Nf6 2. Nf3 d5 3. Bf4 e6 4.
e3 c5 5. c3 Nbd7 6. Nbd2 Be7 7. h3 O-O 8. Ne5 Nxe5 9. Bxe5 Nd7 10. Bg3 f5 11. Be2 b6 12. O-O Bb7 13. Bh2 a6 14.
a4 Rc8 15. Re1 Nf6 16. Nf3 Ne4 17. Nd2 Bh4 18. Rf1 Kh8 19. Nxe4 fxe4 20. f3 exf3 21.
Rxf3 Bg5 22. Qd3 Rxf3 23. Bxf3 Bc6 24. Kh1 b5 25. axb5 Bxb5 26. Qd2 cxd4 27. cxd4 Rc6 28.
Rc1 Qc8 29. Rxc6 Qxc6 30. Bf4 Be7 31. Be5 Bg5 32. Bf4 Be7 33. Be5 Bg5 34. Bf4 1/2-1/2

[Event "*** Titled Tuesday Blitz"]
[Site "Chess.com"]
[Date "2020.11.24"]
[Round "2"]
[White "Rhinos1"]
[Black "Firegrizzly"]
[Result "0-1"]
[WhiteElo "2226"]
[BlackElo "2608"]
[TimeControl "180+1"]
[EndTime "10:31:57 PST"]
[Termination "Firegrizzly won by checkmate"]

1. e4 c5 2. Nc3 e6 3. f4 a6 4. Nf3 b5 5. a3 Bb7 6. d3 Nc6 7. Be2 Nf6 8. O-O d5 9. Qe1 Nd4 10.
Nxd4 cxd4 11. Nd1 dxe4 12. dxe4 Bxe4 13. Bf3 Bd5 14. f5 Bc5 15. fxe6 fxe6 16. Qg3 d3+ 17. Be3 Qb6 18. Bxd5 Nxd5 19. Bxc5 Qxc5+ 20. Kh1 dxc2 21. Nc3 Nxc3 22. bxc3 O-O-O 23. a4 Rhf8 24. Rfe1 bxa4 25. Qg4 Rf5 26. Qxa4 Qb5 27. Qxc2 Rdf8 28. c4 Qc6 29. Rab1 Rf2 30. Qb3 Qxg2# 0-1

[Event "*** Titled Tuesday Blitz"]
[Site "Chess.com"]
[Date "2020.11.24"]
[Round "2"]
[White "barbara25"]
[Black "dennisodessa"]
[Result "1-0"]
[WhiteElo "2257"]
[BlackElo "2442"]
[TimeControl "180+1"]
[EndTime "10:31:57 PST"]
[Termination "barbara25 won by checkmate"]

1. e4 e6 2. d4 d5 3. Nc3 Nc6 4. Nf3 Nf6 5. e5 Ne4 6. Bd3 Bb4 7. Bd2 Nxd2 8. Qxd2 f6 9. a3 Bxc3 10. bxc3 fxe5 11. dxe5 O-O 12. O-O Rxf3 13. gxf3 Nxe5 14. Qf4 Ng6 15. Bxg6 hxg6 16. Rfe1 Bd7 17. Re5 Qf6 18.
Qg3 Rf8 19. Kg2 Qf4 20. Rb1 b6 21. Rbe1 Qd2 22. R1e2 Qxc3 23. Rg5 Qxa3 24. Rxg6 Qe7 25.
Re5 Rf6 26. Reg5 Rxg6 27. Rxg6 Be8 28. Rg5 a5 29. h4 a4 30. h5 Kf8 31. h6 g6 32. Qh4 Qh7 33. Rg4 Kg8 34. Rf4 g5 35.
Rg4 Kh8 36. Rxg5 c5 37. Rg7 Qf5 38. Qe7 Qh5 39. Qf8# 1-0

[Event "*** Titled Tuesday Blitz"]
[Site "Chess.com"]
[Date "2020.11.24"]
[Round "2"]
[White "sasko1234"]
[Black "CraiggoryC"]
[Result "1-0"]
[WhiteElo "2416"]
[BlackElo "2133"]
[TimeControl "180+1"]
[EndTime "10:31:57 PST"]
[Termination "sasko1234 won by resignation"]

1. Nf3 Nf6 2. d4 g6 3. Bf4 Bg7 4. e3 O-O 5. Be2 c5 6. c3 b6 7. O-O Bb7 8. h3 d6 9. a4 a6 10. Nbd2 Nbd7 11. Qb3 Qe8 12. Bh2 Rb8 13. Rfd1 e5 14.
dxe5 Nxe5 15. Nxe5 dxe5 16. Nc4 Ne4 17. Bf3 b5 18. axb5 axb5 19. Bxe4 bxc4 20. Qxc4 Bxe4 21. Qxe4 Rxb2 22. Qc4 Qc6 23. Rd5 Rfb8 24. Rad1 Rb1 25. Bg3 Rxd1+ 26. Rxd1 Bf6 27. Rd5 Rb1+ 28. Kh2 Rb2 29.
Rxc5 Qb6 30. Rc6 1-0

[Event "*** Titled Tuesday Blitz"]
[Site "Chess.com"]
[Date "2020.11.24"]
[Round "2"]
[White "Chessdreamer2020"]
[Black "Lestofante90"]
[Result "0-1"]
[WhiteElo "2513"]
[BlackElo "2810"]
[TimeControl "180+1"]
[EndTime "10:31:58 PST"]
[Termination "Lestofante90 won by resignation"]

1. e4 c6 2. Nc3 d5 3. Nf3 Bg4 4. h3 Bxf3 5. Qxf3 e6 6. d3 Bc5 7.
g3 Nd7 8. Bg2 Ne7 9. O-O O-O 10.
Qe2 a5 11. Kh2 a4 12. a3 Ng6 13. h4 f5 14. exf5 exf5 15. Bg5 Qc7 16. h5 Nge5 17. Bf4 Bd6 18. Kg1 Rfe8 19. Rfe1 Nf6 20. h6 Nf7 21. Bxd6 Qxd6 22. Qd2 Nxh6 23. Qg5 Re5 24. Qf4 Rxe1+ 25. Rxe1 Qxf4 26. gxf4 Kf7 27. Bf3 Nhg8 28. Na2 Re8 29. c4 Rxe1+ 0-1